 Seeded DCSS version 0.31-a0-851-g7ff8af7976 (webtiles) character file.

Game seed: 15484592631660376689 (custom seed)

86 Danienth the Sneak (level 4, -1/22 HPs)
             Began as a Spriggan Enchanter on Oct 6, 2023.
             Slain by an endoplasm (2 damage)
             ... on level 3 of the Dungeon.
             The game lasted 00:04:58 (1778 turns).

Danienth the Sneak (Spriggan Enchanter)             Turns: 1778, Time: 00:05:00

Health: -1/22      AC:  2    Str:  6    XL:     4   Next: 27%
Magic:  9/9        EV: 17    Int: 16    God:
Gold:   1008       SH:  5    Dex: 15    Spells: 8/8 levels left

rFire   . . .        e - +2 rapier "Cekhluoz" {vamp, rElec}
rCold   . . .        (no shield)
rNeg    + . .        b - +0 robe
rPois   .            (helmet restricted)
rElec   +            (no cloak)
rCorr   .            (gloves unavailable)
SInv    +            (boots unavailable)
Will    +....        f - amulet "Ikewn" {Reflect rN+ Will+ SH+5 SInv}
Stlth   +++          (no ring)
HPRegen 0.23/turn    (no ring)
MPRegen 0.11/turn

%: reflection
@: very quick
A: very small, no large weapons, unfitting armour, see invisible, speed 3
a: no special abilities


You were on level 3 of the Dungeon.
You visited 1 branch of the dungeon, and saw 3 of its levels.

You collected 1008 gold pieces.

Inventory:

Hand Weapons
 a - a +1 dagger
 e - the +2 rapier "Cekhluoz" (weapon) {vamp, rElec}
   (You acquired it on level 1 of the Dungeon)

   rElec:     It insulates you from electricity.
Missiles
 l - 12 poisoned darts
Armour
 b - a +0 robe (worn)
Jewellery
 f - the amulet "Ikewn" (around neck) {Reflect rN+ Will+ SH+5 SInv}
   (You acquired it on level 1 of the Dungeon)

   [amulet of reflection]

   Reflect:   It reflects blocked missile attacks.
   rN+:       It protects you from negative energy.
   Will+:     It increases your willpower.
   SInv:      It lets you see invisible.
   SH+5:      It affects your SH (+5).
Scrolls
 g - a scroll of fog {unknown}
 i - a scroll of vulnerability {unknown}
 k - 2 scrolls of identify {unknown}
 n - a scroll of teleportation {unknown}
Potions
 c - 2 potions of invisibility
 d - a potion of magic
 h - a potion of might {unknown}
 j - a potion of curing
 m - a potion of heal wounds {unknown}


   Skills:
 + Level 1.6 Fighting
 * Level 3.7 Short Blades
 - Level 2.7 Dodging
 - Level 4.4 Stealth
 - Level 2.7 Spellcasting
 - Level 3.6 Hexes


You had 8 spell levels left.
You didn't know any spells.
Your spell library contained the following spells:

 Spells                   Type           Power      Damage    Failure   Level
 Confusing Touch          Hex            13%        N/A       13%         3
 Tukima's Dance           Hex            13%        N/A       13%         3
 Ensorcelled Hibernation  Hex/Ice        16%        N/A       14%         2
 Dazzling Flash           Conj/Hex       16%        N/A       26%         3


Dungeon Overview and Level Annotations

Branches:
Dungeon (3/15)

Altars:


Innate Abilities, Weirdness & Mutations

You are very small and have problems with some larger weapons.
You are too small for most types of armour.
You have supernaturally acute eyesight. (SInv)
You cover ground extremely quickly. (Speed+++)


Message History

The orc priest is lightly wounded.
* * * LOW HITPOINT WARNING * * *
You feel sick. The endoplasm freezes you.
You are frozen.
* * * LOW HITPOINT WARNING * * *
You block the orc priest's attack.
* * * LOW HITPOINT WARNING * * *
You feel sick.
You flicker for a moment.
* * * LOW HITPOINT WARNING * * *
You feel sick.
* * * LOW HITPOINT WARNING * * *
You feel sick.
* * * LOW HITPOINT WARNING * * *
You feel sick.
A hobgoblin comes into view.
* * * LOW HITPOINT WARNING * * *
You feel sick.
You are no longer poisoned.
It was a potion of magic.
Magic courses through your body.
It was a potion of curing.
You feel better. The endoplasm hits you.
* * * LOW HITPOINT WARNING * * *
You are too injured to fight recklessly!
Hit: e) +2 rapier "Cekhluoz" {vamp, rElec}
Press: ? - help, Dir - move target, f - endoplasm, p - orc priest
Aim: an endoplasm (about 13% to evade the +2 rapier "Cekhluoz")
You hit the endoplasm.
You feel better.
The endoplasm is moderately wounded.
You flicker back into view.
The endoplasm freezes you.
You are frozen.
* * * LOW HITPOINT WARNING * * *
Hit: e) +2 rapier "Cekhluoz" {vamp, rElec}
Press: ? - help, Dir - move target, f/p - endoplasm
Aim: an endoplasm (moderately wounded, about 13% to evade the +2 rapier "Cekhluoz")
You hit the endoplasm but do no damage.
The endoplasm is moderately wounded.
The endoplasm hits you.
You die...

.....##..........# #.
.......####......# #.
.......####.....## #.
................#####.
......#.#.#)#.....##..
...................#..
####.#.#.#.#...†.....
##...............#.
#.@#.#.#.#.....#...
#..J...........###.
#..#.#.#.#.##### #.
#.....o....... #.
#............. ..
######........ #
#........ #.))......
#o####....


You could see an orc priest and an endoplasm.

Vanquished Creatures
  2 adders
  2 dart slugs
  2 orcs (D:3)
  3 ball pythons
  5 bats
  11 endoplasms
  2 giant cockroaches
  8 goblins
  3 hobgoblins
  4 kobolds
  3 quokkas (D:1)
  6 frilled lizards
  5 rats
56 creatures vanquished.

Notes
Turn   | Place    | Note
-------+----------+-------------------------------------------
     0 | D:1      | Danienth the Spriggan Enchanter began the quest for the
                  | Orb.
     0 | D:1      | Reached XP level 1. HP: 9/9 MP: 5/5
    49 | D:1      | Identified 3 scrolls of acquirement
    49 | D:1      | Acquired the +2 rapier "Cekhluoz" {vamp, rElec}
    51 | D:1      | Acquired the amulet "Ikewn" {Reflect rN+ Will+ SH+5 SInv}
    59 | D:1      | Acquired 931 gold pieces
   174 | D:1      | Reached XP level 2. HP: 10/14 MP: 6/6
   448 | D:1      | Reached skill level 1 in Fighting
   486 | D:1      | Reached XP level 3. HP: 18/18 MP: 8/8
  1303 | D:2      | Reached XP level 4. HP: 22/22 MP: 9/9
  1537 | D:2      | Found a faded altar of an unknown god.
  1728 | D:3      | Identified the +3 leather armour of the Sailor {rC+ Will+}
  1774 | D:3      | HP: 1/22 [poisoned by an orc]
  1778 | D:3      | Slain by an endoplasm

Illustrated notes

Levels and vault maps discovered:
D:1:      dpeg_arrival_pits, layout_loops_ring, minmay_misc_feat_iff,
          minivault_14
D:2:      layout_basic, hellmonk_ecumenical_altar_heavens_door, st_stairs_6,
          kennysheep_small_spiral, minmay_small_reverse_x
D:3:      layout_basic, serial_glass, glass_columns_b, glass_columns_b,
          glass_columns_c, glass_columns_b, glass_columns_c, glass_columns_b,
          chequers_serial_rivers_small_b, minmay_misc_feat_cross,
          grunt_ministairs_9, minmay_misc_feat_tower, minivault_24,
          minmay_misc_feat_columns, minmay_liquid_box, minmay_fountain_box

Skill      XL: |  1  2  3 |
---------------+----------+-----
Short Blades   | 2 3 |  3.7
Fighting       | 1 |  1.6
Dodging        | |  2.7
Stealth        | |  4.4
Spellcasting   | |  2.7
Hexes          | |  3.6

Action                     |  1- 3 |  4- 6 || total
---------------------------+-------+-------++-------
  Melee: Rapier            |   110 |    25 ||   135
         Dagger            |     4 |       ||     4
    Use: Scroll            |     4 |       ||     4
         Potion            |       |     3 ||     3
   Stab: Sleeping          |    17 |     1 ||    18
         Invisible         |       |     1 ||     1
 Armour: Robe              |    20 |    10 ||    30
  Dodge: Dodged            |    74 |    22 ||    96
  Block: Other             |    23 |     7 ||    30
         Reflection        |     2 |       ||     2

Table legend: (Time is in decaauts)
 A = Elapsed time spent in this place.
 B = Non-inter-level travel time spent in this place.
 C = Inter-level travel time spent in this place.
 D = Time resting spent in this place.
 E = Time spent auto-exploring this place.
 F = Levels seen in this place.
 G = Mean time per level.
                   A        B        C        D        E       F      G
               +--------+--------+--------+--------+--------+-----+--------+
         Total |   1186 |   1131 |     55 |      0 |    824 |   3 |  395.3 |
       Dungeon |   1186 |   1131 |     55 |      0 |    824 |   3 |  395.3 |
               +--------+--------+--------+--------+--------+-----+--------+

Top non-repeatable levels by time:
     D:1: 593 daAuts
     D:2: 511 daAuts
     D:3: 81 daAuts
